 Dungeon Crawl Stone Soup version 0.30-a0-347-gf58ed5266c (webtiles) character file.

Game seed: 4930012439716458578

2447 porpoise the Skirmisher (level 9, -6/57 HPs)
             Began as a Tengu Hunter on Nov 7, 2022.
             Mangled by a two-headed ogre
             ... wielding a +0 giant club
              (16 damage)
             ... on level 7 of the Dungeon.
             The game lasted 00:20:48 (5757 turns).

porpoise the Skirmisher (Tengu Hunter)              Turns: 5757, Time: 00:20:48

Health: -6/57      AC: 10    Str: 11    XL:     9   Next: 49%
Magic:  10/10      EV: 14    Int: 11    God:
Gold:   245        SH:  0    Dex: 21    Spells: 8/8 levels left

rFire   + + .      SeeInvis .    b - +7 scimitar of the Shining Light {vorpal, rPois rF+}
rCold   . . .      Faith    .    (no shield)
rNeg    . . .      Spirit   .    J - +0 ring mail "Kaetam" {Contam rElec rF+}
rPois   +          Reflect  .    (helmet restricted)
rElec   +          Harm     .    (no cloak)
rCorr   .          Rampage  .    t - +0 pair of gloves
Will    +....                    (boots unavailable)
Stlth   +.........               (no amulet)
HPRegen 0.29/turn                g - ring of willpower
MPRegen 0.12/turn                p - +4 ring of protection

@: flying quickly and evasively, quick
A: beak, talons 3, nimble flight
a: no special abilities


You were on level 7 of the Dungeon.
You visited 1 branch of the dungeon, and saw 7 of its levels.
You also visited: Ossuary.

You collected 389 gold pieces.
You spent 144 gold pieces at shops.

Inventory:

Hand Weapons
 a - a +0 shortbow
 b - the +7 scimitar of the Shining Light (weapon) {vorpal, rPois rF+}
   (You bought it in a shop on level 1 of the Dungeon)

   It inflicts extra damage upon your enemies.
   rF:        It protects you from fire.
   rPois:     It protects you from poison.
 l - the +4 dagger "Qaolorigh" {vorpal, Will++ Int-5 Dex+5}
   (You found it on level 2 of the Dungeon)

   It inflicts extra damage upon your enemies.
   Int:       It affects your intelligence (-5).
   Dex:       It affects your dexterity (+5).
   Will:      It greatly increases your willpower.
 q - a +2 dagger of venom
Missiles
 e - 7 poisoned darts
 i - 5 javelins
 n - 3 throwing nets
 x - 3 boomerangs
Armour
 t - a +0 pair of gloves (worn)
 J - the +0 ring mail "Kaetam" (worn) {Contam rElec rF+}
   (You found it on level 6 of the Dungeon)

   rF:        It protects you from fire.
   rElec:     It insulates you from electricity.
   Contam:    It causes magical contamination when unequipped.
Jewellery
 g - a ring of willpower (left hand)
 p - a +4 ring of protection (right hand)
 r - a ring of see invisible
 H - a ring of resist corrosion
Wands
 C - a wand of acid (12)
 I - a wand of digging (4)
Scrolls
 d - a scroll of fear {unknown}
 f - 2 scrolls of immolation
 j - a scroll of enchant armour {unknown}
 m - 2 scrolls of teleportation
 y - a scroll of torment {unknown}
 A - a scroll of blinking
 B - a scroll of vulnerability {unknown}
 D - 2 scrolls of noise
 E - 2 scrolls of amnesia
Potions
 c - 4 potions of lignification
 h - 3 potions of curing
 k - a potion of attraction
 o - 4 potions of invisibility
 s - a potion of mutation {unknown}
 u - 2 potions of resistance
 v - 6 potions of heal wounds
 w - a potion of cancellation
 z - a potion of flight {unknown}
 F - a potion of haste {unknown}
 G - 2 potions of brilliance


   Skills:
 - Level 7.0 Fighting
 + Level 11.6 Ranged Weapons
 + Level 2.5 Armour
 + Level 3.5 Dodging
 - Level 1.0 Stealth


You had 8 spell levels left.
You didn't know any spells.
Your spell library contained the following spells:

 Spells                   Type           Power      Damage    Failure   Level
 Sandblast                Erth           0%         2d4       63%         1
 Passwall                 Tmut/Erth      0%         N/A       77%         2
 Inner Flame              Hex/Fire       0%         N/A       94%         3
 Stone Arrow              Conj/Erth      0%         3d7       94%         3
 Flame Wave               Conj/Fire      0%         2d4       100%        4
 Sticky Flame             Conj/Fire      0%         2d3       100%        4


Dungeon Overview and Level Annotations

Branches:
Dungeon (7/15)            Ossuary (visited)
 Temple: D:4-7

Altars:
Gozag
Vehumet

Shops:
D:1 (   D:5 ?

Annotations:
D:3 2 transporters


Innate Abilities, Weirdness & Mutations

You have a beak for a mouth.
You have claws for feet.
Your magical nature lets you fly swiftly and evasively.


Message History

You shoot an arrow.
The arrow hits the necrophage but does no damage.
The necrophage is moderately damaged.
You hear two shouts!
The necrophage closely misses you.
A two-headed ogre comes into view. It is wielding two +0 giant clubs.
You shoot an arrow. The arrow hits the necrophage.
The necrophage is heavily damaged.
The necrophage barely misses you.
You shoot an arrow. The arrow hits the necrophage!
You destroy the necrophage!
You shoot an arrow.
The arrow barely misses the two-headed ogre.
The arrow hits the steam dragon!
The steam dragon is moderately wounded.
The two-headed ogre closely misses you. x2
You shoot an arrow.
The arrow completely misses the two-headed ogre.
The arrow closely misses the steam dragon.
The two-headed ogre barely misses you. x2
You shoot an arrow.
The arrow hits the two-headed ogre but does no damage.
You shoot an arrow.
The arrow barely misses the two-headed ogre.
The arrow hits the steam dragon but does no damage.
The steam dragon is moderately wounded.
The two-headed ogre closely misses you.
The two-headed ogre hits you with a +0 giant club!!
You are too injured to fight recklessly!
Unknown command.
b - the +7 scimitar of the Shining Light (weapon)
{vorpal, rPois rF+} The two-headed ogre closely misses you.
The two-headed ogre hits you with a +0 giant club.
You barely miss the two-headed ogre. You slash the two-headed ogre!
The two-headed ogre is moderately wounded.
The two-headed ogre hits you with a +0 giant club!
* * * LOW HITPOINT WARNING * * *
The two-headed ogre hits you with a +0 giant club!
You die...

#.........#
+.........+
#.........#
##.......##
##.....##
##...##
##'## #.#
#@# #O#
#.D.#
.......
#.#...#...
#.##.#......
# #.#......
..... ...
#.##.....


You could see a two-headed ogre and a steam dragon.

Vanquished Creatures
  Pikel (D:4)
  Prince Ribbit (D:5)
  Grinder (D:5)
  3 black bears
  3 ogres
  A kobold brigand (D:5)
  2 scorpions
  A necrophage (D:7)
  3 water moccasin zombies (Ossuary)
  5 hounds
  A jelly (D:6)
  2 gnoll boudas (D:6)
  3 iguanas (D:4)
  2 orc wizards (D:4)
  3 mummies
  11 gnolls
  6 adders
  A white imp (D:6)
  6 adder zombies
  A dart slug (D:2)
  11 orcs
  6 ball pythons
  6 endoplasms
  6 giant cockroaches
  10 goblins
  6 hobgoblins
  3 jackals (D:1)
  13 kobolds
  5 quokkas
  3 bats
  A frilled lizard (D:2)
  2 gnoll zombies (Ossuary)
  2 hobgoblin zombies (Ossuary)
  9 kobold zombies (Ossuary)
  9 orc zombies (Ossuary)
  4 rats
153 creatures vanquished.

Vanquished Creatures (others)
  An endoplasm (D:2)
  4 toadstools (D:1)
5 creatures vanquished.

Grand Total: 158 creatures vanquished

Notes
Turn   | Place    | Note
-------+----------+-------------------------------------------
     0 | D:1      | porpoise the Tengu Hunter began the quest for the Orb.
     0 | D:1      | Reached XP level 1. HP: 12/12 MP: 2/2
    76 | D:1      | Found Tyepnudi's Antique Weapon Shoppe.
   133 | D:1      | Reached XP level 2. HP: 13/17 MP: 3/3
   334 | D:1      | Reached skill level 5 in Ranged Weapons
   411 | D:1      | Reached XP level 3. HP: 22/22 MP: 4/4
   592 | D:2      | Found a faded altar of an unknown god.
   627 | D:2      | Reached XP level 4. HP: 25/27 MP: 5/5
   639 | D:2      | Identified the +4 dagger "Qaolorigh" {vorpal, Will++ Int-5
                  | Dex+5}
  1639 | D:3      | Found an opulent altar of Gozag.
  1643 | D:3      | Found a radiant altar of Vehumet.
  1643 | D:3      | Noticed a necrophage
  1647 | D:3      | Found a transporter.
  1705 | D:3      | Found a transporter.
  2520 | D:4      | Noticed a scorpion
  2536 | D:4      | Killed a scorpion
  2537 | D:4      | Reached skill level 6 in Ranged Weapons
  2537 | D:4      | Gained mutation: Your magical nature lets you fly swiftly
                  | and evasively. [Tengu growth]
  2537 | D:4      | Reached XP level 5. HP: 24/32 MP: 6/6
  2678 | D:4      | Noticed an ogre
  2699 | D:4      | Killed an ogre
  2700 | D:4      | Reached XP level 6. HP: 14/38 MP: 7/7
  2715 | D:4      | Reached skill level 7 in Ranged Weapons
  2815 | D:4      | Noticed Pikel
  2828 | D:4      | Killed Pikel
  2829 | D:4      | Reached skill level 5 in Fighting
  2829 | D:4      | Reached skill level 8 in Ranged Weapons
  2829 | D:4      | Reached XP level 7. HP: 36/44 MP: 8/8
  3198 | D:4      | Reached skill level 9 in Ranged Weapons
  3198 | D:4      | Reached XP level 8. HP: 49/49 MP: 9/9
  3580 | D:5      | Entered Level 5 of the Dungeon
  3769 | D:5      | Found Nyanesk's Magic Scroll Emporium.
  3780 | D:5      | Reached skill level 10 in Ranged Weapons
  3781 | D:5      | Noticed Grinder
  3795 | D:5      | Killed Grinder
  4131 | D:5      | Noticed Prince Ribbit
  4154 | D:5      | Killed Prince Ribbit
  4155 | D:5      | Reached XP level 9. HP: 47/56 MP: 10/10
  4159 | D:5      | Reached skill level 11 in Ranged Weapons
  4352 | D:6      | Found a sand-covered staircase.
  4368 | Ossuary  | Entered an ossuary
  4557 | Ossuary  | Reached skill level 1 in Armour
  4996 | D:6      | Identified the +0 ring mail "Kaetam" {Contam rElec rF+}
  5552 | D:1      | Bought a jewelled scimitar for 144 gold pieces
  5552 | D:1      | Identified the +7 scimitar of the Shining Light {vorpal,
                  | rPois rF+} (You bought it in a shop on level 1 of the
                  | Dungeon)
  5748 | D:7      | Noticed a two-headed ogre
  5757 | D:7      | Mangled by a two-headed ogre

Illustrated notes

Levels and vault maps discovered:
D:1:      ldierk_walled_garden_2, layout_rooms, serial_shops, shop
D:2:      layout_basic, hellmonk_ecumenical_altar_arch_garden, serial_undead,
          serial_undead_e, serial_undead_f, serial_undead_c, serial_undead_b,
          grunt_ministairs_3, lemuel_flame_loot_1
D:3:      layout_basic, gammafunk_temple_overflow_arena,
          kennysheep_generic_room_15
D:4:      layout_loops_ring, minmay_quantized, uniq_pikel
D:5:      layout_cave_pools, serial_shops, shop_scrolls, uniq_prince_ribbit1,
          uniq_grinder
D:6:      layout_basic, gup_ossuary_entry_pyramid
D:7:      layout_loops_corners, okawaru_humans, minmay_temple_entry_crystal_x,
          enter_bailey_5

Skill      XL: |  1  2  3  4  5  6  7  8  9 |
---------------+----------------------------+-----
Ranged Weapons | 5 6 8 9 10 11 | 11.6
Fighting       | 3 5 6 7 |  7.0
Armour         | 2 |  2.5
Dodging        | 3 |  3.5
Stealth        | |  1.0

Action                   |  1- 3 |  4- 6 |  7- 9 || total
-------------------------+-------+-------+-------++-------
Melee: Dagger            |     3 |    30 |    54 ||    87
       Peck              |     2 |     7 |    13 ||    22
       Kick              |     1 |    11 |    11 ||    23
       Scimitar          |       |       |     6 ||     6
       Punch             |       |       |     1 ||     1
 Fire: Shortbow          |    76 |    71 |   268 ||   415
  Use: Scroll            |       |       |    14 ||    14
 Stab: Distracted        |       |       |     1 ||     1
Armor: Leather armour    |     8 |       |       ||     8
       Ring mail         |     2 |    24 |    55 ||    81
Dodge: Dodged            |    34 |    25 |   135 ||   194

Table legend: (Time is in decaauts)
 A = Elapsed time spent in this place.
 B = Non-inter-level travel time spent in this place.
 C = Inter-level travel time spent in this place.
 D = Time resting spent in this place.
 E = Time spent auto-exploring this place.
 F = Levels seen in this place.
 G = Mean time per level.
                   A        B        C        D        E       F      G
               +--------+--------+--------+--------+--------+-----+--------+
         Total |   5617 |   5173 |    444 |    657 |   3344 |   8 |  702.1 |
       Dungeon |   5310 |   4866 |    444 |    563 |   3344 |   7 |  758.6 |
       Ossuary |    307 |    307 |      0 |     94 |      0 |   1 |  307.0 |
               +--------+--------+--------+--------+--------+-----+--------+

Top non-repeatable levels by time:
     D:4: 1221 daAuts
     D:3: 1177 daAuts
     D:2: 908 daAuts
     D:6: 767 daAuts
     D:5: 684 daAuts
     D:1: 519 daAuts
 Ossuary: 307 daAuts
     D:7: 32 daAuts
